 Dungeon Crawl Stone Soup version 0.28.0-53-g5a82cb258f (webtiles) character file.

Game seed: 14660119890842965181

4 PedroKMD the Grave Robber (level 1, -4/13 HPs)
             Began as a Demonspawn Necromancer on July 8, 2022.
             Slain by a kobold
             ... wielding a +0 short sword
              (5 damage)
             ... on level 1 of the Dungeon.
             The game lasted 00:01:57 (90 turns).

PedroKMD the Grave Robber (Demonspawn Necromancer)    Turns: 90, Time: 00:01:57

Health: -4/13      AC:  2    Str:  8    XL:     1   Next: 58%
Magic:  1/3        EV: 12    Int: 16    God:
Gold:   0          SH:  0    Dex: 13    Spells: 3/4 levels left

rFire   . . .      SeeInvis .   (no weapon)
rCold   . . .      Faith    .   (no shield)
rNeg    . . .      Spirit   .   a - +0 robe
rPois   .          Reflect  .   (no helmet)
rElec   .          Harm     .   (no cloak)
rCorr   .          Rampage  .   (no gloves)
Will    .....                   (no boots)
Stlth   ++........              (no amulet)
HPRegen 0.04/turn               (no ring)
MPRegen 0.08/turn               (no ring)

@: no status effects
A: no striking features
a: no special abilities


You were on level 1 of the Dungeon.
You visited 1 branch of the dungeon, and saw 1 of its levels.

Inventory:

Armour
 a - a +0 robe (worn)


   Skills:
 + Level 1.9 Dodging
 + Level 1.9 Stealth
 + Level 2.1 Spellcasting
 + Level 4.4 Necromancy


You had 3 spell levels left.
You knew the following spells:

 Your Spells              Type           Power      Damage    Failure   Level
a - Pain                  Necr           60%        1d7       3%          1

Your spell library contained the following spells:

 Spells                   Type           Power      Damage    Failure   Level
 Animate Skeleton         Necr           30%        N/A       3%          1
 Vampiric Draining        Necr           15%        2d7       10%         3
 Animate Dead             Necr           7%         N/A       32%         4
 Agony                    Necr           15%        N/A       67%         5


Dungeon Overview and Level Annotations

Branches:
Dungeon (1/15)

Altars:


Message History

Casting: Pain (safe; 3% risk of failure)
Confirm with . or Enter, or press ? or * to list all spells.
Aiming: Pain (safe; 3% risk of failure)
Press: ? - help, Shift-Dir - straight line, f - bat
Aim: a bat (heavily wounded, chance to affect: 85%)
The bat writhes in agony.
You kill the bat!
The bat hits you but does no damage.
You barely miss the bat. The bat hits you but does no damage.
The bat barely misses you.
You hit the bat but do no damage. The bat hits you.
* * * LOW HITPOINT WARNING * * *
You hit the bat but do no damage. The bat closely misses you.
The bat barely misses you.
Casting: Pain (safe; 3% risk of failure)
Confirm with . or Enter, or press ? or * to list all spells.
Aiming: Pain (safe; 3% risk of failure)
Press: ? - help, Shift-Dir - straight line, f - bat
Aim: a bat (chance to affect: 85%)
The bat writhes in agony.
The bat hits you but does no damage. The bat misses you.
You miss the bat.
The bat is severely wounded.
The bat barely misses you.
You miss the bat.
The bat is severely wounded.
The bat closely misses you. The bat hits you but does no damage.
You hit the bat but do no damage.
The bat is severely wounded.
The bat hits you but does no damage.
You closely miss the bat.
The bat is severely wounded.
The bat completely misses you. The bat closely misses you.
You closely miss the bat.
The bat is severely wounded.
The bat hits you but does no damage. x2
You hit the bat.
You kill the bat!
The kobold hits you with a +0 short sword.
You die...

...##.#......###...............
....#........................#.
.!.......# #...............#
.g......########.##............
...........†...#..............#
..[####.####.....###...........
...# #.# #.###...#.........##
...####.# #.+<'...#.........#
........# #.###@..#K###.##..#
...##..## #.....K.#.# .# #...
##.....# #####...#.#...# #..
##....# #...K....## .# #.....
#........# #......
.............# ######..
############... ... ###.


You could see 2 kobolds.

Vanquished Creatures
  2 bats (D:1)
  2 jackals (D:1)
4 creatures vanquished.

Notes
Turn   | Place    | Note
-------+----------+-------------------------------------------
     0 | D:1      | PedroKMD the Demonspawn Necromancer began the quest for the
                  | Orb.
     0 | D:1      | Reached XP level 1. HP: 13/13 MP: 3/3
    90 | D:1      | Slain by a kobold

Illustrated notes

Levels and vault maps discovered:
D:1:      dpeg_arrival_tiny_d, layout_rooms, basic_ecumenical_altar,
          hex_intersection

Action                   || total
-------------------------++-------
Melee: Unarmed           ||    14
 Cast: Pain              ||     7
Armor: Robe              ||    15
Dodge: Dodged            ||    19
